 Dungeon Crawl Stone Soup version 0.27-a0-1147-gb3d8e82157 (webtiles) character file.

Game seed: 9451976222849631874

722 kae the Slasher (level 7, -4/58 HPs)
             Began as a Demonspawn Fighter on May 11, 2021.
             Was an Initiate of Okawaru.
             Slain by a black bear (8 damage)
             ... on level 6 of the Dungeon.
             The game lasted 00:02:27 (5472 turns).

kae the Slasher (Demonspawn Fighter)                Turns: 5472, Time: 00:02:27

Health: -4/58      AC:  9    Str: 19    XL:     7   Next: 43%
Magic:  8/8        EV:  7    Int:  9    God:    Okawaru [......]
Gold:   320        SH:  9    Dex: 12    Spells: 6/6 levels left

rFire    . . .     SeeInvis .   a - +0 long sword
rCold    . . .     Faith    .   c - +0 kite shield
rNeg     . . .     Spirit   .   b - +0 scale mail
rPois    .         Reflect  .   (no helmet)
rElec    .         Harm     .   n - +0 cloak
rCorr    .         Rampage  .   (no gloves)
Will     .....                  (no boots)
Stlth    ..........             f - amulet of the acrobat
HPRegen  0.19/turn              (no ring)
MPRegen  0.11/turn              (no ring)

@: no status effects
A: rugged brown scales 2, powered by death 1
a: Renounce Religion


You were on level 6 of the Dungeon.
You worshipped Okawaru.
Okawaru was noncommittal.
You visited 1 branch of the dungeon, and saw 7 of its levels.

You collected 320 gold pieces.

Inventory:

Hand Weapons
 a - a +0 long sword (weapon)
Armour
 b - a +0 scale mail (worn)
 c - a +0 kite shield (worn)
 n - a +0 cloak (worn)
Jewellery
 f - an amulet of the acrobat (around neck)
Scrolls
 i - a scroll of identify {unknown}
 l - a scroll of summoning {unknown}
 m - a scroll of enchant armour {unknown}
 o - a scroll of fear {unknown}
Potions
 e - a potion of ambrosia {unknown}
 g - a potion of haste {unknown}
 j - a potion of resistance {unknown}
 k - a potion of flight {unknown}


   Skills:
 + Level 5.5 Fighting
 * Level 6.2 Long Blades
 - Level 2.6 Armour
 - Level 2.6 Shields
 + Level 1.9 Invocations


You had 6 spell levels left.
You didn't know any spells.
Your spell library contained the following spells:

 Spells                   Type           Power      Damage    Failure   Level
 Magic Dart               Conj           0%         1d3       99%         1
 Blink                    Tloc           N/A        N/A       100%        2
 Call Imp                 Summ           0%         N/A       100%        2
 Searing Ray              Conj           0%         3d3       100%        2
 Slow                     Hex            0%         N/A       100%        2
 Conjure Flame            Conj/Fire      0%         6-21      100%        3
 Dazzling Flash           Conj/Hex       0%         N/A       100%        3
 Mephitic Cloud           Conj/Pois/Air  0%         N/A       100%        3
 Fulminant Prism          Conj/Hex       0%         3d6       100%        4
 Iskenderun's Mystic Bla  Conj/Tloc      0%         2d3       100%        4


Dungeon Overview and Level Annotations

Branches:
Dungeon (7/15)             Temple (0/1) D:4

Altars:
Fedhas
Okawaru
Qazlal

Shops:
D:1 [   D:2 =

Annotations:
D:4 exclusion: oklob sapling


Innate Abilities, Weirdness & Mutations

You are mostly covered in rugged brown scales. (AC +2, +5% HP)
You regenerate a little health from kills.


Message History

The black bear is heavily wounded.
The black bear bites you but does no damage.
You block the black bear's attack. The black bear closely misses you.
You block the black bear's attack. The black bear claws you.
The black bear claws you but does no damage.
You barely miss the black bear.
The black bear is heavily wounded.
The black bear bites you.
The black bear claws you but does no damage.
You block the black bear's attack.
You are too injured to fight recklessly!
You closely miss the black bear.
The black bear is heavily wounded.
The black bear bites you.
The black bear claws you but does no damage.
You block the black bear's attack.
You are too injured to fight recklessly!
You are too injured to fight recklessly!
You hit the black bear.
The black bear is severely wounded.
The black bear goes berserk!
The black bear bites you! The black bear claws you.
You block the black bear's attack.
You hit the black bear.
The black bear is almost dead.
The black bear bites you.
The black bear claws you but does no damage.
The black bear claws you.
* * * LOW HITPOINT WARNING * * *
You block the black bear's attack.
The black bear claws you but does no damage. x2
You barely miss the black bear.
The black bear is almost dead.
You block the black bear's attack. The black bear claws you.
* * * LOW HITPOINT WARNING * * *
The black bear claws you.
* * * LOW HITPOINT WARNING * * *
You hit the black bear.
The black bear is almost dead.
The black bear bites you!
You die...

#!.. #..# #..#
#..# #..# #..#
. #.h####...
######.@.......
.........#####(
######...#
#..>#
..).....)......
#######.......#
#########


You could see a black bear (berserk).

Vanquished Creatures
  Edmund (D:4)
  2 ogres
  A scorpion (D:3)
  An orc priest (D:3)
  Crazy Yiuf (D:4)
  A gnoll shaman (D:4)
  3 hounds
  A centaur skeleton (D:6)
  An iguana (D:5)
  5 adders
  3 gnolls (D:4)
  2 worms
  9 orcs
  5 ball pythons
  6 endoplasms
  3 giant cockroaches
  5 hobgoblins
  7 jackals
  2 quokkas
  3 bats
  A frilled lizard (D:1)
  4 goblins
  A kobold (D:1)
  2 rats (D:3)
70 creatures vanquished.

Notes
Turn   | Place    | Note
-------+----------+-------------------------------------------
     0 | D:1      | kae the Demonspawn Fighter began the quest for the Orb.
     0 | D:1      | Reached XP level 1. HP: 18/18 MP: 1/1
    44 | D:1      | Found Ysafoidgh's Armour Shoppe.
   190 | D:1      | Reached skill level 2 in Long Blades
   338 | D:1      | Gained mutation: You regenerate a little health from kills.
                  | [demonic ancestry]
   338 | D:1      | Reached XP level 2. HP: 24/24 MP: 2/2
   693 | D:2      | Found Ochosmes's Jewellery Boutique.
   892 | D:2      | Reached XP level 3. HP: 27/29 MP: 3/3
  1002 | D:2      | Reached skill level 3 in Long Blades
  1031 | D:2      | Found a blossoming altar of Fedhas.
  2030 | D:3      | Reached XP level 4. HP: 34/37 MP: 4/4
  2045 | D:3      | Found a faded altar of an unknown god.
  2326 | D:4      | Noticed a scorpion
  2596 | D:3      | Killed a scorpion
  2597 | D:3      | Reached skill level 4 in Long Blades
  2597 | D:3      | Gained mutation: You are partially covered in rugged brown
                  | scales. (AC +1, +3% HP) [demonic ancestry]
  2597 | D:3      | Reached XP level 5. HP: 4/43 MP: 5/5
  2602 | D:3      | HP: 2/43 [poisoned by a scorpion]
  3064 | D:4      | Noticed an ogre
  3067 | D:4      | Killed an ogre
  3068 | D:4      | Reached XP level 6. HP: 50/50 MP: 6/6
  3082 | D:4      | Found an iron altar of Okawaru.
  3150 | D:4      | Reached skill level 5 in Long Blades
  3287 | D:4      | Found a staircase to the Ecumenical Temple.
  3313 | D:4      | HP: 1/50 [gnoll/+0 spear (4)]
  3592 | D:4      | Noticed Edmund
  3612 | D:4      | Killed Edmund
  3613 | D:4      | Reached skill level 5 in Fighting
  3613 | D:4      | Gained mutation: You are mostly covered in rugged brown
                  | scales. (AC +2, +5% HP) [demonic ancestry]
  3613 | D:4      | Reached XP level 7. HP: 25/58 MP: 1/7
  4112 | D:4      | Found a runed translucent door.
  4113 | D:4      | Noticed Crazy Yiuf
  4382 | D:4      | Became a worshipper of Warmaster Okawaru
  4416 | D:4      | Killed Crazy Yiuf
  4655 | D:5      | Entered Level 5 of the Dungeon
  4662 | D:5      | Reached skill level 6 in Long Blades
  4662 | D:5      | Reached skill level 1 in Invocations
  4844 | D:5      | Noticed a +0 spear
  4844 | D:5      | Noticed a +0 falchion
  4845 | D:5      | Noticed a +0 short sword
  4846 | D:5      | Noticed a +0 dagger
  4846 | D:5      | Noticed a +0 falchion
  4846 | D:5      | Noticed a +0 spear
  4847 | D:5      | Noticed a +0 short sword
  4851 | D:5      | Noticed a +0 dagger
  4887 | D:5      | Found a stormy altar of Qazlal.
  4888 | D:5      | You fall into a shaft and drop 2 floors!
  5273 | D:7      | Noticed a hornet
  5274 | D:7      | HP: 1/58 [orc priest/divine providence (13)]
  5472 | D:6      | Slain by a black bear

Illustrated notes

Levels and vault maps discovered:
D:1:      lightli_arrival_chessboard, layout_loops_ring, serial_shops, shop
D:2:      layout_rooms, basic_altar, serial_shops, shop
D:3:      layout_basic, ebering_ecumenical_altar_rust
D:4:      cheibrodos_helix_gallery, layout_basic, amcnicky_altar_gilded,
          minmay_temple_entry_oklob, uniq_edmund, uniq_crazy_yiuf_cottage
D:5:      layout_basic, nicolae_uskayaw_en_pointe,
          nicolae_qazlal_scattered_showers, serial_shops, kennysheep_mini_moat,
          nrook_mini_vaults, kennysheep_flooded_box
D:6:      layout_loops_ring, elyvilon_altar_4, pf_just_have_faith,
          marbit_many_paths, uniq_pikel, uniq_maggie
D:7:      layout_loops_ring

Skill      XL: |  1  2  3  4  5  6  7 |
---------------+----------------------+-----
Long Blades    | 2 3 4 5 6 |  6.2
Fighting       | 4 5 |  5.5
Invocations    | 1 |  1.9
Armour         | |  2.6
Shields        | |  2.6

Action                   |  1- 3 |  4- 6 |  7- 9 || total
-------------------------+-------+-------+-------++-------
Melee: Long sword        |    85 |   113 |    36 ||   234
Evoke: Wand              |       |     2 |     4 ||     6
  Use: Scroll            |     1 |     2 |     1 ||     4
       Potion            |       |     3 |     1 ||     4
Armor: Scale mail        |    29 |    39 |    27 ||    95
Dodge: Dodged            |    39 |    60 |    14 ||   113
Block: Kite shield       |    31 |   101 |    20 ||   152
       Rpst.: Long sword |    14 |    18 |     5 ||    37

Table legend: (Time is in decaauts)
 A = Elapsed time spent in this place.
 B = Non-inter-level travel time spent in this place.
 C = Inter-level travel time spent in this place.
 D = Time resting spent in this place.
 E = Time spent auto-exploring this place.
 F = Levels seen in this place.
 G = Mean time per level.
                   A        B        C        D        E       F      G
               +--------+--------+--------+--------+--------+-----+--------+
         Total |   5578 |   5467 |    111 |   1418 |   3427 |   7 |  796.9 |
       Dungeon |   5578 |   5467 |    111 |   1418 |   3427 |   7 |  796.9 |
               +--------+--------+--------+--------+--------+-----+--------+

Top non-repeatable levels by time:
     D:4: 1777 daAuts
     D:3: 1696 daAuts
     D:1: 705 daAuts
     D:2: 572 daAuts
     D:7: 389 daAuts
     D:5: 239 daAuts
     D:6: 198 daAuts
